Map: Buried Caverns

Players

Winks

  • Race: Protoss Protoss
  • Spawn Location: 3:00

Tabakacka

  • Race: Zerg Zerg
  • Spawn Location: 3:00

Kelevra

  • Race: Protoss Protoss
  • Spawn Location: 5:00

Throwfordays - Winner!

  • Race: Zerg Zerg
  • League: Silver
  • Spawn Location: 9:00

Faust - Winner!

  • Race: Zerg Zerg
  • League: Diamond
  • Spawn Location: 7:00

Cthulhu - Winner!

  • Race: Zerg Zerg
  • Spawn Location: 9:00

VOD

Have the link to the VOD?

Description

Time

  • Played on: Feb. 13, 2019, 10:31 p.m.
  • Length: 10:37
Show
View Real Time Build Order
Export as new Build Order

Winks Protoss 

Build Orders:  

Get SALT Encoding   

  12  0:04  Probe  
  13  0:16  Probe  
  14  0:23  Pylon  
  14  0:27  Probe  
  15  0:37  Probe  
  16  0:44  Forge  
  16  0:59  Probe  
  17  1:11  Probe  
  18  1:23  Probe  
  19  1:35  Probe  
  20  1:40  Pylon  
  19  1:48  Probe  
  20  1:55  Photon Cannon  
  20  2:00  Probe  
  21  2:12  Probe  
  22  2:17  Gateway  
  22  2:21  Pylon  
  22  2:24  Probe  
  22  2:27  Assimilator  
  23  2:34  Assimilator  
  23  2:45  Probe  
  24  2:54  Probe  
  24  2:55  Pylon  
  25  3:09  Cybernetics Core  
  25  3:13  Probe  
  26  3:24  Photon Cannon  
  26  3:25  Probe  
  27  3:29  Nexus  
  27  3:33  Probe  
  27  3:39  Adept  
  28  3:41  Probe  
  28  3:46  Pylon  
  31  3:52  Probe  
  32  4:00  Gateway  
  32  4:04  Probe  
  32  4:06  Gateway  
  32  4:07  Gateway  
  33  4:16  Probe  
  34  4:23  Warp Gate  
  34  4:28  Probe  
  35  4:31  Gateway  
  35  4:39  Probe  
  35  4:40  Probe  
  35  5:06  Probe x2  
  37  5:11  Adept  
  37  5:14  Adept  
  37  5:15  Adept x2  
  37  5:18  Probe x2  
  47  5:26  Twilight Council  
  47  5:29  Adept  
  47  5:30  Probe  
  47  5:31  Probe  
  47  5:34  Adept  
  53  5:43  Probe x2  
  53  5:44  Adept  
  53  5:45  Adept x2  
  61  5:50  Pylon  
  61  5:55  Pylon, Probe  
  62  5:57  Pylon  
  62  5:59  Assimilator  
  62  6:04  Assimilator  
  62  6:08  Probe  
  63  6:13  Probe  
  64  6:20  Probe  
  64  6:25  Probe, Resonating Glaives  
  67  6:32  Probe  
  67  6:37  Probe  
  68  6:42  Zealot x2  
  68  6:45  Probe  
  68  6:46  Sentry  
  75  6:47  Sentry  
  75  6:49  Probe  
  75  6:50  Stalker  
  80  6:57  Probe  
  79  7:02  Probe  
  77  7:15  Stalker x2  
  77  7:16  Stalker x3  
  79  7:41  Stalker  
  79  7:42  Stalker x2  
  85  8:05  Charge  
  84  8:12  Stalker  
  86  9:17  Pylon  
  86  9:18  Pylon  
  86  9:20  Pylon  
Show
View Real Time Build Order
Export as new Build Order

Tabakacka Zerg 

Build Orders: Hatch First 

Get SALT Encoding   

  12  0:09  Overlord  
  12  0:13  Drone  
  13  0:18  Drone  
  14  0:30  Drone  
  14  0:32  Drone  
  16  0:54  Hatchery  
  15  0:57  Drone  
  15  0:59  Drone  
  17  1:05  Extractor  
  16  1:22  Spawning Pool  
  15  1:30  Drone  
  15  1:32  Drone  
  17  1:33  Drone  
  18  1:42  Overlord  
  18  2:08  Queen  
  18  2:13  Roach Warren  
  18  2:15  Queen  
  19  2:21  Drone  
  22  2:31  Drone  
  9  2:52  Roach  
  9  2:53  Roach x2  
  9  3:33  Drone  
  10  4:02  Drone  
  11  4:25  Drone  
  7  5:05  Drone  
  7  6:05  Drone  
  8  6:40  Drone  
  9  7:07  Drone  
  10  7:27  Drone  
  11  7:40  Drone  
  12  7:52  Drone  
  4  8:46  Drone  
Show
View Real Time Build Order
Export as new Build Order

Kelevra Protoss 

Build Orders:  

Get SALT Encoding   

  12  0:02  Probe  
  13  0:14  Probe  
  14  0:21  Pylon  
  14  0:27  Assimilator  
  14  0:30  Probe  
  15  0:43  Gateway  
  15  0:47  Probe  
  16  0:59  Probe  
  17  1:05  Forge  
  17  1:11  Probe  
  17  1:14  Protoss Ground Weapons Level 1  
  18  1:24  Probe  
  19  1:27  Gateway  
  19  1:36  Probe  
  20  1:48  Photon Cannon  
  20  1:58  Pylon  
  20  2:01  Probe  
  21  2:05  Assimilator  
  21  2:31  Pylon  
  21  2:41  Pylon  
  21  2:46  Photon Cannon  
  21  3:04  Photon Cannon  
  21  3:08  Photon Cannon  
  21  3:15  Pylon  
  21  3:17  Probe  
  22  3:40  Cybernetics Core  
  22  3:44  Photon Cannon  
  22  3:52  Protoss Ground Armor Level 1  
  22  3:54  Gateway  
  22  3:56  Gateway  
  22  3:58  Warp Gate  
  22  4:00  Gateway  
  22  4:44  Stalker x4  
  30  4:49  Sentry  
  32  5:03  Photon Cannon  
  32  5:30  Twilight Council, Stalker x2  
  36  5:45  Protoss Ground Weapons Level 2  
  36  5:53  Stalker x2  
  36  5:56  Sentry  
  42  6:02  Blink  
  42  6:03  Pylon  
  42  6:25  Probe  
  43  7:29  Stalker  
  45  7:30  Stalker x4  
  45  8:36  Stalker x4  
  45  8:37  Stalker  
  42  10:16  Stargate  
  42  10:17  Nexus, Stargate  
  42  10:19  Stargate  
  42  10:24  Stalker  
  42  10:25  Stalker x4  
Show
View Real Time Build Order
Export as new Build Order

Throwfordays Zerg - Winner!

Build Orders: Pool First 

Get SALT Encoding   

  12  0:02  Drone  
  13  0:09  Drone  
  14  0:17  Extractor, Drone  
  14  0:20  Extractor  
  13  0:24  Drone  
  16  0:33  Overlord  
  16  0:45  Spawning Pool  
  15  0:52  Drone x2  
  15  0:56  Extractor  
  17  1:04  Drone  
  17  1:31  Queen  
  19  1:33  Zergling x6  
  22  1:48  Extractor  
  21  2:04  Metabolic Boost  
  21  2:11  Overlord x2  
  21  2:13  Drone  
  22  2:28  Hatchery  
  21  2:34  Drone x2  
  23  2:41  Drone x3  
  24  2:53  Drone  
  25  3:13  Queen  
  25  3:17  Zergling x2  
  25  3:18  Zergling x2  
  28  3:21  Zergling x2  
  29  3:29  Zergling x4  
  29  3:30  Zergling x2  
  32  3:40  Drone  
  33  3:45  Drone  
  34  3:49  Queen  
  36  4:01  Drone, Evolution Chamber  
  36  4:02  Drone x4  
  34  5:11  Drone x3  
  34  5:13  Zergling x2  
  34  5:14  Zergling x2  
  39  5:16  Drone  
  39  5:17  Drone x2  
  42  5:22  Drone  
  43  5:41  Evolution Chamber  
  42  5:43  Evolution Chamber  
  42  5:46  Roach Warren  
  42  5:47  Lair  
  42  5:48  Zerg Melee Weapons Level 1  
  40  5:54  Zergling x4  
  40  5:55  Zergling x4  
  44  5:57  Overlord  
  44  6:01  Overlord x5  
  44  6:04  Extractor  
  43  6:06  Extractor  
  42  6:16  Zerg Missile Weapons Level 1  
  42  6:17  Zerg Ground Armor Level 1  
  42  6:31  Pneumatized Carapace  
  42  6:37  Drone  
  42  6:38  Drone x5  
  48  6:42  Drone x2  
  48  6:43  Drone  
  48  6:46  Drone x2  
  53  6:57  Glial Reconstitution  
  53  7:08  Zergling x8  
  56  7:14  Burrow  
  57  7:16  Drone x2  
  57  7:17  Drone  
  57  7:21  Drone  
  61  7:40  Drone  
  62  7:45  Zerg Melee Weapons Level 2, Infestation Pit  
  61  7:57  Zergling x8  
  65  8:00  Zergling x8  
  65  8:01  Zergling x2  
  70  8:16  Tunneling Claws, Zerg Ground Armor Level 2  
  70  8:18  Zerg Missile Weapons Level 2  
  70  8:22  Zergling x4  
  72  8:32  Hive  
  72  8:38  Zergling x10  
  72  8:39  Zergling x2  
  78  8:41  Hatchery  
  78  8:44  Drone  
  78  8:47  Zergling x4  
  78  8:48  Zergling x2  
  81  9:17  Zergling x10  
  81  9:20  Overlord x3  
Show
View Real Time Build Order
Export as new Build Order

Faust Zerg - Winner!

Build Orders: Pool First, Swarm Host 

Get SALT Encoding   

  12  0:03  Drone  
  13  0:08  Drone  
  14  0:15  Extractor  
  14  0:17  Drone  
  14  0:34  Spawning Pool  
  13  0:39  Drone  
  14  0:47  Overlord  
  14  1:21  Metabolic Boost  
  14  1:22  Queen  
  14  1:23  Zergling x4  
  18  1:27  Zergling x2  
  19  1:58  Zergling x2  
  19  1:59  Zergling x4  
  22  2:10  Overlord  
  22  2:19  Hatchery  
  19  2:31  Drone x3  
  19  2:32  Drone  
  21  2:58  Drone x2  
  21  3:02  Extractor  
  21  3:09  Drone  
  21  3:10  Drone x3  
  25  3:20  Drone  
  26  3:31  Queen  
  28  3:36  Drone x3  
  28  3:37  Drone x2  
  33  3:54  Drone x2  
  33  3:55  Drone  
  36  3:57  Lair  
  36  4:03  Overlord  
  36  4:04  Overlord  
  36  4:16  Overlord  
  36  4:21  Drone x3  
  36  4:23  Spore Crawler  
  38  4:25  Spore Crawler  
  38  4:26  Drone x2  
  39  4:35  Drone  
  40  4:46  Drone  
  40  4:48  Drone x2  
  40  4:49  Drone  
  40  4:50  Extractor  
  43  4:52  Extractor  
  42  5:00  Infestation Pit  
  42  5:05  Nydus Network  
  40  5:08  Drone x3  
  40  5:09  Drone x3  
  46  5:15  Drone x2  
  48  5:36  Swarm Host x4  
  60  5:47  Overlord x4  
  60  5:51  Hatchery  
  59  6:01  Evolution Chamber  
  59  6:02  Drone, Evolution Chamber  
  59  6:03  Drone  
  59  6:06  Swarm Host x4  
  71  6:13  Swarm Host  
  71  6:16  Drone  
  75  6:20  Spine Crawler  
  75  6:24  Swarm Host  
  75  6:25  Swarm Host  
  80  6:30  Overlord  
  80  6:31  Overlord  
  80  6:36  Zerg Missile Weapons Level 1  
  80  6:42  Zerg Ground Armor Level 1  
  79  6:49  Nydus Canal  
  79  7:03  Nydus Canal  
  79  7:05  Swarm Host  
  79  7:06  Swarm Host x2  
  79  7:08  Zergling x14  
  95  7:18  Drone x4  
  99  7:45  Swarm Host x2  
  99  7:46  Drone  
  99  7:47  Overlord x3  
  99  7:48  Overlord x2  
  106  8:00  Overlord  
  106  8:03  Hive  
  106  8:04  Burrow  
  106  8:05  Queen  
  108  8:17  Overseer  
  108  8:21  Extractor, Drone x3  
  108  8:22  Drone x3  
  108  8:23  Extractor  
  108  8:24  Drone x3, Spine Crawler  
  108  8:26  Spine Crawler  
  113  8:30  Drone x3  
  116  8:49  Drone  
  116  8:50  Drone x5  
  116  8:51  Overlord  
  119  8:55  Spine Crawler  
  119  8:58  Nydus Canal  
  119  8:59  Drone x2  
  117  9:02  Zergling x2  
  117  9:03  Zergling x2  
  118  9:22  Nydus Canal  
  115  9:44  Zergling x28  
  115  9:45  Zergling x8  
  133  9:53  Drone x3  
  136  10:02  Overseer  
Show
View Real Time Build Order
Export as new Build Order

Cthulhu Zerg - Winner!

Build Orders: Pool First 

Get SALT Encoding   

  12  0:01  Drone  
  13  0:10  Drone  
  14  0:19  Overlord  
  14  0:28  Extractor  
  13  0:37  Drone  
  14  0:43  Spawning Pool  
  13  0:50  Drone x2  
  15  1:19  Drone  
  16  1:31  Zergling x6  
  16  1:32  Metabolic Boost  
  19  2:00  Hatchery, Overlord  
  18  2:01  Drone  
  18  2:07  Queen  
  21  2:30  Drone x2  
  23  2:47  Drone x2  
  23  3:00  Drone  
  24  3:06  Extractor  
  24  3:08  Lair  
  24  3:10  Roach Warren  
  21  3:32  Drone x5  
  21  3:33  Queen  
  28  3:41  Drone x3  
  31  3:52  Extractor  
  31  3:54  Drone x2  
  32  3:56  Extractor  
  31  4:03  Drone  
  31  4:04  Drone x2  
  34  4:24  Spire  
  34  4:27  Zergling x2  
  34  4:28  Zergling x4  
  34  4:30  Overlord x2  
  36  4:53  Drone  
  36  4:54  Drone x6  
  43  5:09  Burrow  
  40  5:43  Mutalisk  
  40  5:44  Mutalisk x5  
  40  5:46  Overlord x2  
  52  5:52  Zerg Flyer Weapons Level 1  
  52  5:55  Tunneling Claws  
  52  6:03  Infestation Pit  
  51  6:07  Drone x4, Evolution Chamber  
  54  6:37  Hatchery  
  53  7:07  Roach  
  53  7:08  Roach x6  
  67  7:09  Zergling x2, Overlord  
  67  7:10  Overlord x2  
  67  7:13  Glial Reconstitution  
  66  7:50  Overlord  
  66  7:51  Overlord x2  
  66  7:52  Drone x3  
  69  8:10  Zergling x2  
  61  8:42  Zergling x2  
  61  8:43  Zergling x10  
  67  8:58  Drone  
  67  8:59  Drone x4  
  67  9:00  Drone x2  
  74  9:09  Hive  
  72  9:34  Zergling x2  
  72  9:35  Zergling x16  
Tags
 
Add a new tag
Caveats
  • Supply blocks, unpowered buildings, or Contaminate may cause inaccurate times.
  • Supply counts are checked every 10 seconds.